 Dungeon Crawl Stone Soup version 0.28.0-49-g6dfe1f597d (webtiles) character file.

Game seed: 4370990011561787945

51 101zpm the Magician (level 4, -2/31 HPs)
             Began as a Djinni Fire Elementalist on May 14, 2022.
             Slain by Robin
             ... wielding a +0 falchion
              (4 damage)
             ... on level 2 of the Dungeon.
             The game lasted 00:02:00 (1679 turns).

101zpm the Magician (Djinni Fire Elementalist)      Turns: 1679, Time: 00:02:02

Health: -2/31      AC:  2    Str:  7    XL:     4   Next: 5%
Gold:   105        EV: 12    Int: 18    God:
                   SH:  0    Dex: 14

rFire   + + .      SeeInvis .   (no weapon)
rCold   x . .      Faith    .   (no shield)
rNeg    . . .      Spirit   .   a - +0 robe
rPois   ∞          Reflect  .   (no helmet)
rElec   .          Harm     .   (no cloak)
rCorr   .          Rampage  .   (no gloves)
Will    .....                   (boots unavailable)
Stlth   ++........              (no amulet)
HPRegen 0.10/turn               (no ring)
MPRegen 0.00/turn               (no ring)

@: flying
A: sickness immunity, fire resistance 2, cold vulnerability 1, float, innate
caster, HP casting, extra vitality 1
a: no special abilities


You were on level 2 of the Dungeon.
You visited 1 branch of the dungeon, and saw 2 of its levels.

You collected 105 gold pieces.

Inventory:

Armour
 a - a +0 robe (worn)
Scrolls
 b - a scroll of magic mapping {unknown}
 c - a scroll of identify {unknown}
 e - 2 scrolls of teleportation {unknown}
Potions
 d - 2 potions of heal wounds {unknown}


   Skills:
 + Level 2.6 Dodging
 + Level 1.8 Stealth
 + Level 3.3 Spellcasting


You couldn't memorise any spells.
You knew the following spells:

 Your Spells              Type           Power      Damage    Failure   Level
a - Foxfire               Conj/Fire      60%        2x1d7     4%          1
b - Scorch                Fire           30%        2d7       6%          2
c - Conjure Flame         Conj/Fire      15%        6-21      12%         3
d - Inner Flame           Hex/Fire       15%        N/A       12%         3
e - Flame Wave            Conj/Fire      15%        2d6       36%         4
f - Apportation           Tloc           30%        N/A       4%          1
Your spell library was empty.

Dungeon Overview and Level Annotations

Branches:
Dungeon (2/15)

Altars:

Annotations:
D:2 Robin


Innate Abilities, Weirdness & Mutations

You are immune to sickness and miasma.
You are immune to poison.
Your flesh is very heat resistant. (rF++)
You are vulnerable to cold. (rC-)
You float through the air rather than walking.
You learn spells naturally, not from books.
Your magical power is your life essence.
You have superior vitality. (+4 MHP)


Message History

Robin is moderately wounded.
Robin's fire resistance burns away.
Your foxfire dissipates!
A hobgoblin comes into view.
Casting: Scorch (safe; 6% risk of failure)
Confirm with . or Enter, or press ? or * to list all spells.
Flames lash the hobgoblin.
The hobgoblin is severely wounded.
The hobgoblin's fire resistance burns away.
Casting: Scorch (safe; 6% risk of failure)
Confirm with . or Enter, or press ? or * to list all spells.
Flames lash Robin.
Robin is burned terribly!
Robin is almost dead.
Robin laughs in a distinctly smug fashion.
Robin misses you.
A hobgoblin comes into view.
Casting: Scorch (safe; 6% risk of failure)
Confirm with . or Enter, or press ? or * to list all spells.
Okay, then.
Casting: Foxfire (safe; 4% risk of failure)
Press: ? - help, Q - select action, (/) - cycle Dir - look around, f - activate You conjure some foxfire!
Robin misses you.
A goblin comes into view. It is wielding a +0 club.
The hobgoblin hits you!
* * * LOW HITPOINT WARNING * * *
Casting: Foxfire (safe; 4% risk of failure)
Press: ? - help, Q - select action, (/) - cycle Dir - look around, f - activate
There is not enough space to conjure foxfire!
Your foxfire dissipates!
The hobgoblin is no longer more vulnerable to fire.
The foxfire hits the hobgoblin.
The hobgoblin is almost dead.
Casting: Foxfire (safe; 4% risk of failure)
Press: ? - help, Q - select action, (/) - cycle Dir - look around, f - activate You conjure some foxfire!
* * * LOW HITPOINT WARNING * * *
The hobgoblin no longer looks unusually strong.
Robin hits you with a +0 falchion.
You die...

## ##
###)
.#
)g.#.#
#gg.#
#g#
#@#
#v#
##.#
#..#
#.##
#.#
#.#
#.#
#.#


You could see Robin (combustible, ally target), 2 hobgoblins and a goblin
(strong).

Vanquished Creatures
  An adder (D:2)
  A dart slug (D:1)
  A ball python (D:2)
  5 endoplasms
  5 goblins
  7 hobgoblins
  A kobold (D:2)
  3 quokkas
  7 bats
  2 frilled lizards (D:2)
  A rat (D:2)
34 creatures vanquished.

Vanquished Creatures (others)
  130 foxfires
130 creatures vanquished.

Grand Total: 164 creatures vanquished

Notes
Turn   | Place    | Note
-------+----------+-------------------------------------------
     0 | D:1      | 101zpm the Djinni Fire Elementalist began the quest for the
                  | Orb.
     0 | D:1      | Reached XP level 1. HP: 15/15 MP: 0/0
   292 | D:1      | Reached XP level 2. HP: 14/21 MP: 0/0
   744 | D:2      | Reached skill level 3 in Spellcasting
   933 | D:2      | Reached XP level 3. HP: 21/25 MP: 0/0
   933 | D:2      | Learned a level 1 spell: Apportation
  1669 | D:2      | Reached XP level 4. HP: 19/31 MP: 0/0
  1673 | D:2      | Noticed Robin
  1679 | D:2      | Slain by Robin

Illustrated notes

Levels and vault maps discovered:
D:1:      minmay_arrival_glassed_features, layout_rooms,
          dreamdust_ecumenical_altar_drowned_temple
D:2:      minmay_roachtagon, layout_loops_cross, grunt_ministairs_3,
          chequers_jeans, uniq_sigmund, uniq_robin, uniq_natasha

Skill      XL: |  1  2 |
---------------+-------+-----
Spellcasting   | 3 |  3.3
Dodging        | |  2.6
Stealth        | |  1.8

Action                   |  1- 3 |  4- 6 || total
-------------------------+-------+-------++-------
 Cast: Foxfire           |    83 |     3 ||    86
       Scorch            |    12 |     4 ||    16
Armor: Robe              |     3 |       ||     3
Dodge: Dodged            |     5 |     2 ||     7
